 Dungeon Crawl Stone Soup version 0.22.1 (webtiles) character file.

68 Fang the Skirmisher (level 4, -1/43 HPs)
             Began as a Gargoyle Berserker on Sept 17, 2018.
             Was a Believer of Trog.
             Slain by a jelly (2 damage)
             ... on level 2 of the Dungeon.
             The game lasted 00:00:50 (1059 turns).

Fang the Skirmisher (Gargoyle Berserker)            Turns: 1059, Time: 00:00:51

Health: -1/43      AC:  1    Str: 27    XL:     4   Next: 19%
Magic:  4/4        EV: 12    Int:  7    God:    Trog [**....]
Gold:   115        SH:  0    Dex:  9    Spells: 3/3 levels left

rFire    . . .     SeeInvis .   a - +0 hand axe
rCold    . . .     Gourm    .   (no shield)
rNeg     + . .     Faith    .   b - +0 animal skin
rPois    ∞         Spirit   .   (no helmet)
rElec    +         Reflect  .   (no cloak)
rCorr    .         Harm     .   (no gloves)
MR       .....                  (no boots)
Stlth    ..........             (no amulet)
HPRegen  0.14/turn              (no ring)
MPRegen  0.09/turn              (no ring)

@: berserking, corroded, very quick
A: negative energy resistance 1, electricity resistance, unbreathing,
petrification resistance, rot immunity, AC +3
a: Berserk, Trog's Hand, Renounce Religion


You were on level 2 of the Dungeon.
You worshipped Trog.
Trog was pleased with you.
You were very hungry.

You visited 1 branch of the dungeon, and saw 2 of its levels.

You collected 115 gold pieces.

Inventory:

Hand Weapons
 a - a +0 hand axe (weapon)
Armour
 b - a +0 animal skin (worn)
Scrolls
 d - 3 scrolls of noise {unknown}
 g - 2 scrolls of identify {unknown}
 h - a scroll of blinking {unknown}
 j - 2 scrolls of amnesia {unknown}
Potions
 e - a potion of resistance {unknown}
 f - a potion of curing {unknown}
 i - a potion of flight {unknown}
 k - 2 potions of cancellation {unknown}
Comestibles
 c - 3 rations


   Skills:
 + Level 4.0 Fighting
 + Level 3.6 Axes
 + Level 2.4 Armour
 + Level 2.0 Dodging
 + Level 0.2 Stealth


You had 3 spell levels left.
You didn't know any spells.
Your spell library was empty.

Dungeon Overview and Level Annotations

Branches:
Dungeon (2/15)

Altars:


Innate Abilities, Weirdness & Mutations

You are resistant to torment.
Your stone body is resilient. (AC +3)
You are immune to poison.
You resist negative energy. (rN+)
You are resistant to electric shocks. (rElec)
You can survive without breathing.
You are immune to petrification.
You are immune to rotting.


Message History

You are too injured to fight recklessly!
You are too injured to fight recklessly!
You are too injured to fight recklessly!
You are too injured to fight recklessly!
You are too injured to fight recklessly!
You are too injured to fight recklessly!
You are too injured to fight recklessly!
You are too injured to fight recklessly!
You are too injured to fight recklessly!
You hit the jelly.
Your hands burn!
The jelly is almost dead.
The jelly closely misses you. The jelly hits you.
* * * LOW HITPOINT WARNING * * *
You are splashed with acid!
The acid burns!
* * * LOW HITPOINT WARNING * * *
A red film seems to cover your vision as you go berserk!
You feel yourself moving faster!
You feel mighty!
You are feeling very hungry.
The jelly hits you.
You die...

#.8._.8.##.....
#..8.8.....###
#..^8...####
##.#.......#
#..........###
#..####.##.....
####.##.######.
#...(..........
#....##@######
#..#.##J#
#..#.##.#
.......#.#
.###.#..#.# .
#.#..#.#
.......# ###


You could see a jelly.

Vanquished Creatures
  2 adders (D:2)
  An ooze (D:1)
  6 dart slugs
  A leopard gecko (D:1)
  A ball python (D:1)
  6 bats
  5 giant cockroaches
  A goblin (D:2)
  3 hobgoblins (D:1)
  2 kobolds (D:1)
  2 frilled lizards
  2 rats (D:1)
32 creatures vanquished.

Notes
Turn   | Place    | Note
-------+----------+-------------------------------------------
     0 | D:1      | Fang the Gargoyle Berserker began the quest for the Orb.
     0 | D:1      | Reached XP level 1. HP: 14/14 MP: 1/1
     2 | D:1      | Noticed a spriggan
     2 | D:1      | Noticed a naga
     4 | D:1      | Noticed a human
     4 | D:1      | Noticed a draconian
     6 | D:1      | Noticed a demonspawn
     6 | D:1      | Noticed a troll
     8 | D:1      | Noticed a tengu
    10 | D:1      | Noticed an octopode
    10 | D:1      | Noticed a vine stalker
    13 | D:1      | Noticed a gargoyle
    15 | D:1      | Noticed a vampire
    15 | D:1      | Noticed a halfling
    17 | D:1      | Noticed a centaur
    20 | D:1      | Noticed a dwarf
    20 | D:1      | Noticed a merfolk
    22 | D:1      | Noticed a formicid
    22 | D:1      | Noticed an elf
    24 | D:1      | Noticed a felid
    24 | D:1      | Noticed a demigod
    26 | D:1      | Noticed a minotaur
    26 | D:1      | Noticed a ghoul
    28 | D:1      | Noticed an ogre
   156 | D:1      | Reached XP level 2. HP: 11/19 MP: 2/2
   430 | D:1      | Reached XP level 3. HP: 14/24 MP: 3/3
   683 | D:1      | Reached ** piety under Trog
   721 | D:2      | Reached skill level 4 in Fighting
   877 | D:2      | Reached XP level 4. HP: 22/29 MP: 4/4
  1020 | D:2      | Found a faded altar of an unknown god.
  1058 | D:2      | HP: 1/29 [acid (7)]
  1059 | D:2      | Slain by a jelly

Skill      XL: |  1  2  3  4 |
---------------+-------------+-----
Axes           | 3 |  3.6
Fighting       | 4 |  4.0
Dodging        | 2 |  2.0
Armour         | |  2.4
Stealth        | |  0.2

Action                   |  1- 3 |  4- 6 || total
-------------------------+-------+-------++-------
Melee: Hand axe          |    79 |    18 ||    97
Invok: Berserk           |       |     1 ||     1
Armor: Animal skin       |    39 |     9 ||    48
Dodge: Dodged            |    60 |    11 ||    71
